 Dungeon Crawl Stone Soup version 0.28-a0-563-gf77a47075d (webtiles) character file.

Game seed: 11239792098191196082

756 Shayle the Skirmisher (level 7, -4/76 HPs)
             Began as an Ogre Warper on Sept 30, 2021.
             Slain by a wyvern skeleton (10 damage)
             ... on level 5 of the Dungeon.
             The game lasted 00:15:38 (5926 turns).

Shayle the Skirmisher (Ogre Warper)                 Turns: 5926, Time: 00:15:39

Health: -4/76      AC:  3    Str: 16    XL:     7   Next: 79%
Magic:  10/10      EV: 10    Int: 16    God:
Gold:   182        SH:  0    Dex:  8    Spells: 4/10 levels left

rFire   . . .      SeeInvis .   p - +2 flail (drain)
rCold   . . .      Faith    .   (no shield)
rNeg    . . .      Spirit   .   b - +0 robe
rPois   .          Reflect  .   (helmet restricted)
rElec   .          Harm     .   (no cloak)
rCorr   .          Rampage  .   (gloves unavailable)
Will    .....                   (boots unavailable)
Stlth   +.........              (no amulet)
HPRegen 0.22/turn               (no ring)
MPRegen 0.12/turn               (no ring)

@: no status effects
A: large, unfitting armour, tough skin 1
a: no special abilities


You were on level 5 of the Dungeon.
You visited 1 branch of the dungeon, and saw 5 of its levels.

You collected 182 gold pieces.

Inventory:

Hand Weapons
 a - a +1 spear
 c - a +1 flail of protection
 e - a +0 giant spiked club
 p - a +2 flail of draining (weapon)
Missiles
 i - 3 boomerangs
 q - 12 poisoned darts (quivered)
Armour
 b - a +0 robe (worn)
Jewellery
 m - the amulet of Bola {Acrobat Harm rPois Stlth-}
   (You found it on level 4 of the Dungeon)

   [amulet of the acrobat]

   It increases your evasion while moving and waiting.
   rPois:     It protects you from poison.
   Harm:      It increases damage dealt and taken.
   Stlth:     It makes you less stealthy.
Scrolls
 h - 5 scrolls of identify
 j - 2 scrolls of amnesia
Potions
 d - a potion of cancellation
 f - a potion of invisibility {unknown}
 g - a potion of berserk rage {unknown}
 k - 2 potions of curing
 l - a potion of degeneration {unknown}
 n - a potion of ambrosia {unknown}
 o - a potion of mutation {unknown}


   Skills:
 + Level 6.8 Fighting
 + Level 5.1 Polearms
 - Level 1.0 Throwing
 + Level 4.8 Dodging
 - Level 2.4 Spellcasting
 - Level 2.6 Translocations


You had 4 spell levels left.
You knew the following spells:

 Your Spells              Type           Power      Damage    Failure   Level
a - Blink                 Tloc           N/A        N/A       10%         2
b - Pain                  Necr           4%         1d4       21%         1
c - Teleport Other        Tloc           10%        N/A       21%         3

Your spell library contained the following spells:

 Spells                   Type           Power      Damage    Failure   Level
 Apportation              Tloc           20%        N/A       7%          1
 Gell's Gravitas          Tloc           5%         N/A       21%         3
 Lesser Beckoning         Tloc           10%        N/A       21%         3
 Portal Projectile        Hex/Tloc       12%        N/A       34%         3
 Call Canine Familiar     Summ           1%         N/A       52%         3
 Inner Flame              Hex/Fire       1%         N/A       52%         3
 Cause Fear               Hex            0%         N/A       89%         4
 Leda's Liquefaction      Hex/Erth       0%         N/A       89%         4
 Manifold Assault         Tloc           10%        N/A       88%         5
 Agony                    Necr           1%         N/A       99%         5
 Alistair's Intoxication  Tmut/Pois      0%         N/A       99%         5
 Excruciating Wounds      Necr           0%         N/A       99%         5
 Invisibility             Hex            0%         N/A       100%        6
 Discord                  Hex            0%         N/A       100%        8


Dungeon Overview and Level Annotations

Branches:
Dungeon (5/15)             Temple (0/1) D:5

Altars:
Hepliaklqana
Okawaru
Ru
Trog
Uskayaw
Xom

Annotations:
D:2 Natasha


Innate Abilities, Weirdness & Mutations

You are too large for most types of armour.
You have tough skin. (AC +1)


Message History

Found a stone staircase leading down.
There is a stone staircase leading down here.
There is a stone staircase leading up here.
Found 24 stones.
Found an escape hatch in the ceiling.
A wyvern skeleton comes into view.
You hit the wyvern skeleton.
The wyvern skeleton is lightly damaged.
The wyvern skeleton closely misses you.
You sock the wyvern skeleton!
The wyvern skeleton is moderately damaged.
The wyvern skeleton bites you! x2
You barely miss the wyvern skeleton.
The wyvern skeleton is moderately damaged.
The wyvern skeleton misses you. The wyvern skeleton bites you!
You sock the wyvern skeleton!
The wyvern skeleton is heavily damaged.
The wyvern skeleton bites you! x2
You hit the wyvern skeleton.
The wyvern skeleton is severely damaged.
The wyvern skeleton bites you.
The wyvern skeleton completely misses you.
You hit the wyvern skeleton.
The wyvern skeleton is severely damaged.
The wyvern skeleton bites you.
* * * LOW HITPOINT WARNING * * *
The wyvern skeleton bites you.
* * * LOW HITPOINT WARNING * * *
You hit the wyvern skeleton.
The wyvern skeleton is almost destroyed.
The wyvern skeleton barely misses you.
You hit the wyvern skeleton.
The wyvern skeleton is almost destroyed.
The wyvern skeleton bites you!
* * * LOW HITPOINT WARNING * * *
The wyvern skeleton bites you but does no damage.
You completely miss the wyvern skeleton.
The wyvern skeleton is almost destroyed.
The wyvern skeleton bites you!
You die...

########.#########
...............Z.#
#.#..##### #@#
#.#..# #.#.# #.#..#
#.#.# #..###...
#.#.#
#...§.._.#####.#.#
#.####§ #.......#
#.#..#####.#.....###
#.#..#...#.#.......#
.....#........<..#.#


You could see a wyvern skeleton.

Vanquished Creatures
  Edmund (D:5)
  2 ogres (D:5)
  Blork the orc (D:5)
  A bullfrog (D:4)
  A hound (D:4)
  A jelly (D:3)
  2 orc priests (D:5)
  A bullfrog skeleton (D:4)
  Natasha (D:2)
  An iguana (D:5)
  An orc wizard (D:5)
  4 gnolls
  2 worms (D:2)
  2 dart slugs
  9 orcs
  6 endoplasms
  3 giant cockroaches
  7 goblins
  6 hobgoblins
  2 jackals (D:1)
  A quokka (D:2)
  3 ball pythons
  4 bats
  3 frilled lizards
  3 kobolds
  3 rats (D:2)
71 creatures vanquished.

Notes
Turn   | Place    | Note
-------+----------+-------------------------------------------
     0 | D:1      | Shayle the Ogre Warper began the quest for the Orb.
     0 | D:1      | Reached XP level 1. HP: 22/22 MP: 3/3
   152 | D:1      | Reached skill level 3 in Fighting
   169 | D:1      | Reached XP level 2. HP: 26/31 MP: 5/5
   928 | D:2      | Learned a level 2 spell: Blink
   930 | D:2      | Learned a level 1 spell: Pain
  1111 | D:2      | Reached XP level 3. HP: 27/37 MP: 6/6
  1125 | D:1      | Learned a level 3 spell: Teleport Other
  1539 | D:2      | Noticed Natasha
  1834 | D:2      | HP: 1/37 [Natasha/magic dart (7)]
  1841 | D:2      | Killed Natasha
  2062 | D:2      | Reached XP level 4. HP: 46/48 MP: 7/7
  2121 | D:2      | Noticed Natasha
  2436 | D:3      | Found a sacrificial altar of Ru.
  2710 | D:3      | Reached skill level 4 in Fighting
  2996 | D:3      | Found a faded altar of an unknown god.
  2996 | D:3      | Found a shimmering altar of Xom.
  3003 | D:3      | Found an iron altar of Okawaru.
  3005 | D:3      | Found a bloodstained altar of Trog.
  3007 | D:3      | Found a hide-covered altar of Uskayaw.
  3062 | D:4      | Reached XP level 5. HP: 36/55 MP: 8/8
  3310 | D:4      | Identified the amulet of Bola {Acrobat Harm rPois Stlth-}
  3741 | D:4      | Reached skill level 5 in Fighting
  3741 | D:4      | Reached XP level 6. HP: 54/66 MP: 9/9
  4089 | D:5      | Entered Level 5 of the Dungeon
  4089 | D:5      | Noticed Blork the orc
  4100 | D:5      | Killed Blork the orc
  4662 | D:5      | Noticed Edmund
  4747 | D:5      | Reached skill level 6 in Fighting
  4747 | D:5      | Reached XP level 7. HP: 75/75 MP: 10/10
  4770 | D:5      | Found a hazy altar of Hepliaklqana.
  4841 | D:5      | Found a staircase to the Ecumenical Temple.
  4955 | D:5      | Killed Edmund
  5286 | D:5      | Reached skill level 5 in Polearms
  5926 | D:5      | Slain by a wyvern skeleton

Illustrated notes

Levels and vault maps discovered:
D:1:      mrwooster_arrival_statue_3, layout_basic, kennysheep_pointless_box
D:2:      layout_rooms, nrook_mini_vaults, uniq_natasha
D:3:      minmay_evil_eye, layout_rooms, chequers_temple_overflow_minitemple,
          overflow_temple_1_default
D:4:      cheibrodos_greedy_goblins, layout_rooms, minmay_misc_feat_cross
D:5:      layout_loops_ring, nzn_hepliaklqana_mist_gate,
          minmay_temple_entry_from_below_a, uniq_blork_the_orc, uniq_edmund

Skill      XL: |  1  2  3  4  5  6  7 |
---------------+----------------------+-----
Fighting       | 3 4 5 6 |  6.8
Polearms       | 3 4 5 |  5.1
Dodging        | 3 4 |  4.8
Throwing       | |  1.0
Spellcasting   | |  2.4
Translocations | |  2.6

Action                   |  1- 3 |  4- 6 |  7- 9 || total
-------------------------+-------+-------+-------++-------
Melee: Spear             |   168 |   126 |       ||   294
       Flail             |       |    23 |    52 ||    75
Throw: Boomerang         |     5 |     4 |       ||     9
       Dart              |       |       |     4 ||     4
 Cast: Blink             |       |     4 |     1 ||     5
       Teleport Other    |       |       |     2 ||     2
       Pain              |       |       |     2 ||     2
  Use: Potion            |     4 |     1 |       ||     5
       Scroll            |     1 |     3 |     1 ||     5
Armor: Robe              |    34 |    23 |     9 ||    66
Dodge: Dodged            |    83 |    60 |    30 ||   173

Table legend: (Time is in decaauts)
 A = Elapsed time spent in this place.
 B = Non-inter-level travel time spent in this place.
 C = Inter-level travel time spent in this place.
 D = Time resting spent in this place.
 E = Time spent auto-exploring this place.
 F = Levels seen in this place.
 G = Mean time per level.
                   A        B        C        D        E       F      G
               +--------+--------+--------+--------+--------+-----+--------+
         Total |   5983 |   5827 |    156 |   1235 |   3432 |   5 | 1196.6 |
       Dungeon |   5983 |   5827 |    156 |   1235 |   3432 |   5 | 1196.6 |
               +--------+--------+--------+--------+--------+-----+--------+

Top non-repeatable levels by time:
     D:4: 1608 daAuts
     D:1: 1324 daAuts
     D:5: 1235 daAuts
     D:2: 948 daAuts
     D:3: 866 daAuts
